 Dungeon Crawl Stone Soup version 0.20.1-1-g8b1a95d (webtiles) character file.

7837 vatarom the Agent of Entropy (level 11, -3/142 HPs)
             Began as a Yellow Draconian Abyssal Knight on Sept 14, 2017.
             Was a Priest of Lugonu.
             Slain by Snorg (14 damage)
             ... on level 10 of the Dungeon.
             The game lasted 00:21:59 (11319 turns).

vatarom the Agent of Entropy (DrAK)                Turns: 11319, Time: 00:22:00

Health: -3/142     AC: 25    Str: 15    XL:     11   Next: 2%
Magic:  6/18       EV:  2    Int: 12    God:    Lugonu [***...]
Gold:   660        SH:  5    Dex: 14    Spells: 10/10 levels left

rFire    . . .     SeeInvis +   b - +3 dire flail
rCold    . . .     Gourm    .   (shield currently unavailable)
rNeg     + + +     Faith    .   (armour unavailable)
rPois    +         Spirit   .   (helmet currently unavailable)
rElec    .         Reflect  +   (cloak currently unavailable)
rCorr    .         Harm     .   (gloves currently unavailable)
MR       .....     NoTele   +   (boots currently unavailable)
Stlth    +.........             t - +5 amulet of reflection
Regen    0.4/turn               e - ring of poison resistance
MPRegen  0.2/turn               C - ring of see invisible

@: short of breath, tree-form
A: (spit acid), (acid resistance), unfitting armour, AC +7
a: Depart the Abyss, Bend Space, Banish, Renounce Religion


You were on level 10 of the Dungeon.
You worshipped Lugonu.
Lugonu was most pleased with you.
You were not hungry.
You were a tree.
You visited 2 branches of the dungeon, and saw 11 of its levels.
You visited the Abyss 1 time.
You also visited: Ossuary.

You collected 660 gold pieces.

Inventory:

Hand Weapons
 b - a +3 dire flail (weapon)
Armour
 i - a +0 pair of boots (melded)
 o - a +2 cloak (melded)
Magical Staves
 j - an uncursed staff of power
 y - an uncursed staff of summoning
 L - an uncursed staff of fire
Jewellery
 e - a ring of poison resistance (left branch)
 t - a +5 amulet of reflection (around neck)
 B - an uncursed ring of flight
 C - a ring of see invisible (right branch)
 D - an uncursed ring of ice
Wands
 m - a wand of acid (10/15)
 u - a wand of polymorph (3/24)
 w - a wand of lightning (0/15)
 J - a wand of polymorph (15/24)
Scrolls
 c - 3 scrolls of identify
 d - 4 scrolls of enchant armour
 k - 2 scrolls of blinking
 q - 4 scrolls of enchant weapon
 r - 4 scrolls of teleportation
 E - 2 scrolls of recharging
 H - a scroll of remove curse
Potions
 a - 2 potions of lignification
 n - a potion of brilliance
 p - 2 potions of magic
 v - 2 potions of might
 x - a potion of haste
 z - a potion of flight
 F - a potion of ambrosia
 I - a potion of agility
 M - a potion of resistance {unknown}
 O - a potion of mutation {unknown}
Books
 l - a book of Maledictions

   Spells                             Type                      Level
   a - Corona                         Hexes                        1
   b - Ensorcelled Hibernation        Hexes/Ice                    2
   c - Confuse                        Hexes                        3
   d - Tukima's Dance                 Hexes                        3
   e - Dazzling Spray                 Conjuration/Hexes            3
 G - a book of Minor Magic

   Spells                             Type                      Level
   a - Magic Dart                     Conjuration                  1
   b - Blink                          Translocation                2
   c - Call Imp                       Summoning                    2
   d - Slow                           Hexes                        2
   e - Conjure Flame                  Conjuration/Fire             3
   f - Mephitic Cloud                 Conjuration/Poison/Air       3
Comestibles
 f - 2 meat rations
 g - 6 fruits
 h - 6 royal jellies


   Skills:
 + Level 8.7 Fighting
 * Level 10.3 Maces & Flails
 + Level 6.5 Dodging
 * Level 10.5 Invocations


You had 10 spell levels left.
You didn't know any spells.

Dungeon Overview and Level Annotations

Branches:
Dungeon (10/15)            Temple (1/1) D:6            Lair (0/6) D:9
    Orc (0/2) D:9

Altars:
Ashenzari
Cheibriados
Dithmenos
Elyvilon
Fedhas
Gozag
Hepliaklqana
Kikubaaqudgha
Makhleb
Nemelex Xobeh
Okawaru
Qazlal
Ru
Sif Muna
Trog
Uskayaw
Vehumet
Xom
Yredelemnul
Zin
The Shining One

Shops:
D:7 =

Annotations:
D:9 corrupted
D:10 Snorg
Abyss:1 Grum


Innate Abilities, Weirdness & Mutations

((You can spit globs of acid.))
((You are resistant to acid.))
((Your golden yellow scales are hard. (AC +7)))
You cannot fit into any form of body armour.
((You are cold-blooded and may be slowed by cold attacks.))


Message History

* * * LOW HITPOINT WARNING * * *
Snorg claws you but does no damage. Snorg claws you!
* * * LOW HITPOINT WARNING * * *
Unknown command.
Press: ? - help, Shift-Dir - straight line, f/p - Snorg
Aim: Snorg (heavily wounded, berserk, fast, unusually strong, chance to defeat MR: 58%) Snorg resists with significant effort.
You feel somewhat more hungry. Snorg bites you.
* * * LOW HITPOINT WARNING * * *
Snorg claws you.
* * * LOW HITPOINT WARNING * * *
Snorg barely misses you.
Unknown command.
Press: ? - help, Shift-Dir - straight line, f/p - Snorg
Aim: Snorg (heavily wounded, berserk, fast, unusually strong, chance to defeat MR: 58%) Snorg resists with significant effort.
You feel somewhat more hungry. Snorg bites you but does no damage.
You block Snorg's attack. Snorg claws you but does no damage.
Snorg barely misses you. Snorg claws you but does no damage. Snorg claws you!
You die...

#.....#.# #......#
..#.....# #.#....# ##
#. #)###..# #W# ...#
#.## ### #..# ##.# #T#
# #####♣##.#
#........#
##..#.#######
#######.....#.....##
#..............>...##
#.######.............#
#.............#
#.............#
#..)..........#


You could see Snorg (berserk) and a phantom.

Vanquished Creatures
  3 two-headed ogres
  A troll (D:10)
  A hornet (D:7)
  2 hippogriffs (D:9)
  A wyvern (D:8)
  Eustachio (D:6)
  A hungry ghost (D:9)
  Menkaure (D:7)
  2 water moccasins
  A phantom (D:7)
  2 orc warriors
  2 ice beasts
  2 black bears (D:8)
  A necrophage (D:7)
  A wolf (D:10)
  4 centaurs
  An ogre (D:8)
  An elf zombie (Ossuary)
  3 bullfrogs
  3 scorpions
  6 killer bees (D:8)
  A wight (D:10)
  3 howler monkeys
  A crimson imp (D:8)
  A bullfrog zombie (D:9)
  A centaur zombie (D:7)
  9 hounds
  5 orc priests
  A jelly (D:9)
  8 orc wizards
  3 bullfrog skeletons
  Jessica (D:2)
  2 centaur skeletons
  An iguana (D:7)
  5 worker ants
  A killer bee zombie (D:8)
  A big kobold zombie (Ossuary)
  2 hound zombies
  2 hound skeletons
  5 mummies
  4 gnolls
  A howler monkey skeleton (D:6)
  9 adders
  3 shadow imps
  3 adder zombies (Ossuary)
  A worm (D:4)
  3 dart slugs
  6 leopard geckos
  33 orcs
  8 giant cockroaches
  8 goblins
  5 hobgoblins
  9 jackals
  10 kobolds
  3 quokkas (D:2)
  4 ball pythons
  6 bats
  9 frilled lizards
  A goblin zombie (Ossuary)
  A hobgoblin zombie (Ossuary)
  2 jackal zombies (Ossuary)
  A kobold zombie (Ossuary)
  A leopard gecko skeleton (D:6)
  An orc zombie (Ossuary)
  7 rats
  A rat zombie (Ossuary)
233 creatures vanquished.

Vanquished Creatures (others)
  5 death yaks (D:9)
  A two-headed ogre (D:6)
  A skeletal warrior (D:8)
  3 yaks (D:9)
  A wyvern (D:8)
  An ice beast (D:9)
  A wolf (D:9)
  An orc warrior (D:6)
  An ogre (D:6)
  2 bullfrog zombies (D:9)
  A leopard gecko (D:9)
  A plant (D:9)
  4 starspawn tentacles (D:9)
23 creatures vanquished.

Grand Total: 256 creatures vanquished

Notes
Turn   | Place    | Note
-------+----------+-------------------------------------------
     0 | Abyss:1  | vatarom the Draconian Abyssal Knight began the quest for the Orb.
     0 | Abyss:1  | Reached XP level 1. HP: 19/19 MP: 2/2
    18 | D:1      | Escaped the Abyss
    21 | D:1      | Noticed a vine stalker
    21 | D:1      | Noticed an elf
    23 | D:1      | Noticed a halfling
    23 | D:1      | Noticed a spriggan
    25 | D:1      | Noticed a troll
    25 | D:1      | Noticed a merfolk
    27 | D:1      | Noticed a dwarf
    27 | D:1      | Noticed a gargoyle
    29 | D:1      | Noticed a formicid
    31 | D:1      | Noticed a felid
    33 | D:1      | Noticed an octopode
    35 | D:1      | Noticed a demonspawn
    35 | D:1      | Noticed a draconian
    37 | D:1      | Noticed a human
    39 | D:1      | Noticed a minotaur
    39 | D:1      | Noticed a ghoul
    41 | D:1      | Noticed a tengu
    41 | D:1      | Noticed an ogre
    43 | D:1      | Noticed a demigod
    43 | D:1      | Noticed a vampire
    45 | D:1      | Noticed a centaur
    45 | D:1      | Noticed a naga
   286 | D:1      | Reached XP level 2. HP: 23/26 MP: 3/3
   579 | D:1      | Reached ** piety under Lugonu
   928 | D:2      | Reached XP level 3. HP: 31/31 MP: 4/4
  1131 | D:2      | Noticed Jessica
  1145 | D:2      | Killed Jessica
  1145 | D:2      | Reached XP level 4. HP: 7/40 MP: 6/6
  1722 | D:2      | Found a shadowy altar of Dithmenos.
  2393 | D:3      | Reached XP level 5. HP: 45/46 MP: 7/7
  2926 | D:3      | Reached *** piety under Lugonu
  3089 | D:3      | Reached XP level 6. HP: 52/53 MP: 8/8
  3250 | D:4      | Found a sand-covered staircase.
  3304 | Ossuary  | Entered an ossuary
  3389 | Ossuary  | Reached skill level 5 in Maces & Flails
  3921 | D:4      | Found an ancient bone altar of Kikubaaqudgha.
  3921 | D:4      | Found a blossoming altar of Fedhas.
  3961 | D:4      | Your scales start taking on a golden yellow colour.
  3961 | D:4      | Reached XP level 7. HP: 54/60 MP: 9/9
  4044 | D:4      | Reached **** piety under Lugonu
  4190 | D:4      | Reached skill level 5 in Fighting
  4520 | D:5      | Entered Level 5 of the Dungeon
  5053 | D:5      | Found a white marble altar of Elyvilon.
  5404 | D:5      | Found a hazy altar of Hepliaklqana.
  5640 | D:6      | Found a staircase to the Ecumenical Temple.
  5642 | D:6      | Noticed a two-headed ogre
  5655 | D:6      | Reached XP level 8. HP: 68/69 MP: 11/11
  5663 | D:6      | Banished a two-headed ogre
  5663 | D:6      | Reached skill level 5 in Invocations
  5855 | Temple   | Entered the Ecumenical Temple
  6136 | D:6      | Noticed Eustachio
  6155 | D:6      | Killed Eustachio
  6505 | D:7      | Noticed Menkaure
  6517 | D:7      | Killed Menkaure
  6536 | D:7      | Found Weduru Wacu's Jewellery Shoppe.
  6711 | D:7      | Found an iron altar of Okawaru.
  6773 | D:7      | Reached skill level 5 in Dodging
  6773 | D:7      | Reached XP level 9. HP: 60/78 MP: 14/14
  7999 | D:8      | Found a glowing silver altar of Zin.
  8246 | D:8      | Reached XP level 10. HP: 83/88 MP: 16/16
  8258 | D:8      | Noticed a skeletal warrior
  8544 | D:8      | Banished a skeletal warrior
  8629 | D:9      | Noticed a two-headed ogre
  8640 | D:9      | Killed a two-headed ogre
  8662 | D:9      | Found a staircase to the Orcish Mines.
  8991 | D:9      | Noticed a death yak
  8992 | D:9      | Noticed a death yak
  8994 | D:9      | Noticed a death yak
  8994 | D:9      | Noticed a death yak
  9011 | D:9      | Noticed a death yak
  9011 | D:9      | Corrupted D:9
  9011 | D:9      | Noticed a large abomination
  9013 | D:9      | Noticed a starcursed mass
  9029 | D:9      | Killed a death yak
  9034 | D:9      | Killed a death yak
  9038 | D:9      | Killed a death yak
  9039 | D:9      | Killed a death yak
  9067 | D:9      | Killed a death yak
  9200 | D:9      | Noticed a two-headed ogre
  9213 | D:9      | HP: 3/88 [two-headed ogre/giant spiked club (11)]
  9214 | D:9      | Killed a two-headed ogre
  9518 | D:9      | Found a staircase to the Lair.
  9792 | D:9      | Reached skill level 10 in Invocations
 10198 | D:10     | Entered Level 10 of the Dungeon
 10406 | D:10     | Noticed Grum
 10426 | D:10     | Reached skill level 10 in Maces & Flails
 10435 | D:10     | Banished Grum
 10441 | D:10     | HP: 1/90 [wolf[Grum] (5)]
 11282 | D:10     | Noticed a two-headed ogre
 11283 | D:10     | Noticed Snorg
 11306 | D:10     | Killed a two-headed ogre
 11306 | D:10     | Reached XP level 11. HP: 42/95 MP: 18/18
 11319 | D:10     | Slain by Snorg

Skill      XL: |  1  2  3  4  5  6  7  8  9 10 |
---------------+-------------------------------+-----
Maces & Flails | 3 4 5 6 7 8 10 | 10.3
Fighting       | 4 5 6 7 8 |  8.7
Dodging        | 3 4 5 6 |  6.5
Invocations    | 3 4 6 8 10 | 10.5

Action                   |  1- 3 |  4- 6 |  7- 9 | 10-12 || total
-------------------------+-------+-------+-------+-------++-------
Melee: Mace              |    84 |     6 |       |       ||    90
       Tailslap          |    13 |    39 |    59 |    31 ||   142
       Flail             |       |   242 |   366 |       ||   608
       Morningstar       |       |       |   106 |   201 ||   307
       Dire flail        |       |       |       |    20 ||    20
Invok: Bend Space        |       |     1 |     2 |     2 ||     5
       Banish            |       |       |     4 |     9 ||    13
       Corrupt           |       |       |       |     1 ||     1
 Abil: Breathe Acid      |       |       |    11 |     7 ||    18
Evoke: Wand              |       |     3 |       |     4 ||     7
  Use: Scroll            |     5 |     1 |     6 |     7 ||    19
       Potion            |     4 |     1 |     2 |     7 ||    14
 Stab: Sleeping          |       |     4 |     2 |       ||     6
       Distracted        |       |       |       |     2 ||     2
  Eat: Chunk             |     1 |     7 |    13 |     3 ||    24
       Bread ration      |       |     1 |       |     4 ||     5
       Fruit             |       |       |     2 |       ||     2
Armor: Skin              |    28 |    81 |   199 |    91 ||   399
Dodge: Dodged            |    65 |   204 |   389 |   215 ||   873
Block: Other             |     3 |    24 |    72 |    47 ||   146
       Reflection        |       |     1 |     1 |       ||     2
